 Dungeon Crawl Stone Soup version 0.28.0-43-g3370ac3207 (webtiles) character file.

Game seed: 17891826895082955692

93 Ablot the Grasshopper (level 4, 0/38 HPs)
             Began as a Gnoll Warper on Mar 15, 2022.
             Was an Initiate of Dithmenos.
             Slain by a kobold brigand
             ... wielding a +0 whip
              (8 damage)
             ... on level 3 of the Dungeon.
             The game lasted 00:02:27 (3058 turns).

Ablot the Grasshopper (Gnoll Warper)                Turns: 3058, Time: 00:02:27

Health: 0/38       AC:  5    Str: 13    XL:     4   Next: 61%
Magic:  20/20      EV: 12    Int: 12    God:    Dithmenos [......]
Gold:   117        SH:  0    Dex: 11    Spells: 11/13 levels left

rFire   . . .      SeeInvis .   a - +0 spear
rCold   . . .      Faith    .   (no shield)
rNeg    . . .      Spirit   .   b - +0 leather armour
rPois   .          Reflect  .   n - +1 helmet
rElec   .          Harm     .   (no cloak)
rCorr   .          Rampage  .   (no gloves)
Will    .....                   (no boots)
Stlth   +.........              (no amulet)
HPRegen 0.12/turn               g - ring of magical power
MPRegen 0.17/turn               (no ring)

@: no status effects
A: fangs 1, strong nose, distributed training
a: Renounce Religion


You were on level 3 of the Dungeon.
You worshipped Dithmenos.
Dithmenos was noncommittal.
You visited 1 branch of the dungeon, and saw 3 of its levels.

You collected 117 gold pieces.

Inventory:

Hand Weapons
 a - a +0 spear (weapon)
Missiles
 d - 5 boomerangs of dispersal (quivered)
 i - 65 arrows
 j - 53 stones
 l - 16 sling bullets
Armour
 b - a +0 leather armour (worn)
 n - a +1 helmet (worn)
Jewellery
 g - a ring of magical power (left hand)
 h - a ring of flight
 m - a +4 ring of evasion
Wands
 k - a wand of flame (12)
Scrolls
 c - 2 scrolls of blinking
 e - 2 scrolls of identify {unknown}
 o - a scroll of enchant armour {unknown}
Potions
 f - a potion of resistance {unknown}


   Skills:
 + Level 4.6 Fighting
 + Level 1.2 Short Blades
 + Level 1.2 Long Blades
 + Level 1.2 Axes
 + Level 1.2 Maces & Flails
 + Level 4.6 Polearms
 + Level 1.2 Staves
 + Level 1.2 Slings
 + Level 1.2 Bows
 + Level 1.2 Crossbows
 + Level 2.8 Throwing
 + Level 2.8 Armour
 + Level 4.6 Dodging
 + Level 1.2 Stealth
 + Level 1.2 Shields
 + Level 1.2 Unarmed Combat
 + Level 5.1 Spellcasting
 + Level 1.0 Conjurations
 + Level 1.0 Hexes
 + Level 1.0 Summonings
 + Level 1.0 Necromancy
 + Level 5.5 Translocations
 + Level 1.0 Transmutations
 + Level 1.0 Fire Magic
 + Level 1.0 Ice Magic
 + Level 1.0 Air Magic
 + Level 1.0 Earth Magic
 + Level 1.0 Poison Magic
 + Level 1.3 Invocations
 + Level 1.2 Evocations


You had 11 spell levels left.
You knew the following spells:

 Your Spells              Type           Power      Damage    Failure   Level
a - Blink                 Tloc           32%        N/A       4%          2

Your spell library contained the following spells:

 Spells                   Type           Power      Damage    Failure   Level
 Gell's Gravitas          Tloc           16%        N/A       8%          3
 Lesser Beckoning         Tloc           16%        N/A       8%          3
 Teleport Other           Tloc           16%        N/A       8%          3
 Portal Projectile        Hex/Tloc       20%        N/A       21%         3
 Ensorcelled Hibernation  Hex/Ice        10%        N/A       26%         2
 Passwall                 Tmut/Erth      4%         N/A       26%         2
 Swiftness                Air            5%         N/A       45%         3
 Manifold Assault         Tloc           16%        N/A       58%         5
 Blade Hands              Tmut           2%         N/A       99%         5
 Excruciating Wounds      Necr           2%         N/A       99%         5


Dungeon Overview and Level Annotations

Branches:
Dungeon (3/15)

Altars:
Dithmenos

Shops:
D:2 (   D:3 [


Innate Abilities, Weirdness & Mutations

You have very sharp teeth.
Your uncanny sense of smell can sniff out nearby items.
Your experience applies equally to all skills.


Message History

Press: ? - help, Q - select action, (/) - cycle Shift-Dir - straight line, f/p - kobold brigand
Aim: a kobold brigand, wielding a +0 whip and quivering poisoned darts (moderately wounded, 51% to hit)
You throw a javelin.
The javelin closely misses the kobold brigand.
The kobold brigand closely misses you.
You closely miss the kobold brigand.
The kobold brigand is moderately wounded.
The kobold brigand completely misses you.
You hit the kobold brigand.
The kobold brigand is moderately wounded.
The kobold brigand hits you but does no damage.
You barely miss the kobold brigand.
The kobold brigand is moderately wounded.
The kobold brigand hits you with a +0 whip.
You closely miss the kobold brigand.
The kobold brigand is moderately wounded.
The kobold brigand hits you but does no damage.
You hit the kobold brigand.
The kobold brigand is heavily wounded.
The kobold brigand hits you but does no damage.
You hit the kobold brigand but do no damage.
You bite the kobold brigand, but do no damage.
The kobold brigand is heavily wounded.
The kobold brigand hits you with a +0 whip.
You completely miss the kobold brigand.
The kobold brigand is heavily wounded.
You hit the kobold brigand.
The kobold brigand is heavily wounded.
The kobold brigand closely misses you.
You hit the kobold brigand.
The kobold brigand is severely wounded.
The kobold brigand hits you with a +0 whip.
* * * LOW HITPOINT WARNING * * *
You barely miss the kobold brigand. You bite the kobold brigand.
The kobold brigand is severely wounded.
The kobold brigand hits you but does no damage.
You hit the kobold brigand.
The kobold brigand is severely wounded.
The kobold brigand hits you with a +0 whip!
You die...

(.......# ........#
......:.# .. #.......# #.#
......... $....#..#
........###....... #
.....>K........#. #.
##..@###..#..# #.
#####.###........#
#..#.....# #........#
#..#.###.###........#.#
#.......[........<....#
##.#.####.##..........)..
####....###.##.#.....######
##..#........##.##...## #
...##...######.####.#


You could see a kobold brigand.

Vanquished Creatures
  A hound (D:3)
  2 adders
  A gnoll (D:1)
  A worm (D:2)
  An orc (D:3)
  4 ball pythons
  2 endoplasms
  4 goblins
  2 hobgoblins
  A kobold (D:2)
  5 quokkas
  4 bats
  4 rats
32 creatures vanquished.

Notes
Turn   | Place    | Note
-------+----------+-------------------------------------------
     0 | D:1      | Ablot the Gnoll Warper began the quest for the Orb.
     0 | D:1      | Reached XP level 1. HP: 20/20 MP: 6/6
   394 | D:1      | Reached XP level 2. HP: 22/26 MP: 7/7
   397 | D:1      | Learned a level 2 spell: Blink
  1464 | D:2      | Reached XP level 3. HP: 31/31 MP: 9/9
  1529 | D:2      | Reached skill level 5 in Spellcasting
  1705 | D:2      | Reached skill level 1 in Invocations
  1752 | D:2      | Found a shadowy altar of Dithmenos.
  1774 | D:2      | Became a worshipper of Dithmenos the Shadowed
  1870 | D:2      | Found a faded altar of an unknown god.
  2285 | D:2      | Found Egya's Antique Weapon Shop.
  2395 | D:3      | Found Tostral's Armour Shop.
  2455 | D:3      | Noticed a kobold brigand
  2645 | D:3      | Reached skill level 1 in Short Blades
  2645 | D:3      | Reached skill level 1 in Long Blades
  2645 | D:3      | Reached skill level 1 in Axes
  2645 | D:3      | Reached skill level 1 in Maces & Flails
  2645 | D:3      | Reached skill level 1 in Staves
  2645 | D:3      | Reached skill level 1 in Slings
  2645 | D:3      | Reached skill level 1 in Bows
  2645 | D:3      | Reached skill level 1 in Crossbows
  2645 | D:3      | Reached skill level 1 in Stealth
  2645 | D:3      | Reached skill level 1 in Shields
  2645 | D:3      | Reached skill level 1 in Unarmed Combat
  2645 | D:3      | Reached skill level 1 in Evocations
  2723 | D:3      | Reached XP level 4. HP: 19/38 MP: 11/11
  2931 | D:3      | Reached skill level 1 in Conjurations
  2931 | D:3      | Reached skill level 1 in Hexes
  2931 | D:3      | Reached skill level 1 in Summonings
  2931 | D:3      | Reached skill level 1 in Necromancy
  2931 | D:3      | Reached skill level 1 in Transmutations
  2931 | D:3      | Reached skill level 1 in Fire Magic
  2931 | D:3      | Reached skill level 1 in Ice Magic
  2931 | D:3      | Reached skill level 1 in Air Magic
  2931 | D:3      | Reached skill level 1 in Earth Magic
  2931 | D:3      | Reached skill level 1 in Poison Magic
  3058 | D:3      | Slain by a kobold brigand

Illustrated notes

Levels and vault maps discovered:
D:1:      dpeg_arrival_round_c, layout_basic
D:2:      layout_basic, basic_altar, ebering_ecumenical_altar_ruins,
          serial_shops, shop, minmay_liquid_box, grunt_decor_mini_mirrors,
          minivault_23, minmay_pentomino_o4
D:3:      layout_loops_ring, lightli_temple_of_fire, serial_aquarium,
          aquarium_bridge_square [aquarium_subvault_bridge,
          aquarium_subvault_wall, aquarium_subvault_balcony,
          aquarium_subvault_balcony], aquarium_bridge_straight
          [aquarium_subvault_bridge, aquarium_subvault_wall,
          aquarium_subvault_bridge, aquarium_subvault_window],
          aquarium_window_2, aquarium_window_fake, aquarium_window_fake,
          aquarium_view_2c, aquarium_balcony_1a, biasface_ghost_orc_armoury,
          serial_shops, shop

Skill      XL: |  1  2  3  4 |
---------------+-------------+-----
Spellcasting   | 5 |  5.1
Invocations    | 1 |  1.3
Short Blades   | 1 |  1.2
Long Blades    | 1 |  1.2
Axes           | 1 |  1.2
Maces & Flails | 1 |  1.2
Staves         | 1 |  1.2
Slings         | 1 |  1.2
Bows           | 1 |  1.2
Crossbows      | 1 |  1.2
Stealth        | 1 |  1.2
Shields        | 1 |  1.2
Unarmed Combat | 1 |  1.2
Evocations     | 1 |  1.2
Conjurations   | 1 |  1.0
Hexes          | 1 |  1.0
Summonings     | 1 |  1.0
Necromancy     | 1 |  1.0
Transmutations | 1 |  1.0
Fire Magic     | 1 |  1.0
Ice Magic      | 1 |  1.0
Air Magic      | 1 |  1.0
Earth Magic    | 1 |  1.0
Poison Magic   | 1 |  1.0
Fighting       | |  4.6
Polearms       | |  4.6
Throwing       | |  2.8
Armour         | |  2.8
Dodging        | |  4.6
Translocations | |  5.5

Action                   |  1- 3 |  4- 6 || total
-------------------------+-------+-------++-------
Melee: Spear             |   153 |    29 ||   182
       Bite              |    15 |     3 ||    18
       Punch             |     2 |     1 ||     3
Throw: Javelin           |       |     3 ||     3
 Stab: Sleeping          |     1 |       ||     1
Armor: Leather armour    |    25 |     6 ||    31
Dodge: Dodged            |    75 |    13 ||    88
